Unix NetHack Version 3.7.0-60 Work-in-progress - last build Jul 10 2022 06:21:10 (14e6c82d0a2bdcc1d3355b92dfa208a3528279b5,branch:master). Game began 2022-07-11 13:58:26, ended 2022-07-11 14:16:12. elenmirie, chaotic female orcish Rogue -- ---- --- --.------ |..| ---- ---.---- ---- |.......----..| -..| |......---- -----..| --...........-- ...| |.........-- --.--...----- |-.........-| ---- ..-- --.........| ----.........|.--- ---- |...........--- |.......-- |.........| --........<.......----- |..----............----.---....- --......--- |..................||..---....||..*..........--..||...... |......| --....[..).........--.........----............d..|-.....- --....-- |.......).........*.|......[....^...........%.e--...... |....| ---...|.|.........|.|-.....----........^....a.)---....- --...-- ----- --------).|..|.-|.|..)..%.-----...........--...--...| |..|.| |...| ---------|..-.......| --....-->...--....|..- ---.--.| |...| -----.[.--.|.-- ---.-----...........-- --......----.--- |..--..------- --- |.......---.)---------..|.........| -----......| --........|-...........-|...------- |.|.....-.-- |........||..-----------.--- |.........| |.|....------- |..| ----...........| -----..| |..| --.------ --- |..| ---- --- ---- Elenmirie the Cutpurse St:16 Dx:18 Co:14 In:10 Wi:8 Ch:11 Chaotic Dlvl:4 $:53 HP:0(33) Pw:9(9) AC:4 Xp:5/221 T:2698 Burdened Latest messages: Yermak bites the dwarf zombie. The dwarf zombie misses Yermak. You destroy the dwarf zombie! Yermak misses the dwarf zombie. The dwarf zombie just misses! Yermak bites the dwarf zombie. The dwarf zombie hits Yermak. You destroy the dwarf zombie! You see here a dwarf corpse. You swap places with Yermak. The garter snake suddenly falls asleep! The wererat changes into a rat. Yermak bites the garter snake. Yermak bites the garter snake. The garter snake is killed! The wererat changes into a human. In what direction? l The orcish dagger hits the wererat. The wererat zaps a uranium wand! The wererat has made a hole in the floor. The wererat falls through... In what direction? l You swap places with Yermak. You hit the floating eye. You are frozen by the floating eye's gaze! Yermak bites the floating eye. Yermak is frozen by the floating eye's gaze! The giant ant bites! The giant ant bites! The giant ant bites! The giant ant bites! The giant ant bites! The giant ant bites! The giant ant bites! The giant ant misses! The giant ant bites! The giant ant misses! The giant ant misses! The giant ant bites! The giant ant bites! The giant ant bites! The giant ant bites! The giant ant bites! The giant ant bites! You die... Do you want your possessions identified? [ynq] (y) y Do you want to see your attributes? [ynq] (y) y Do you want an account of creatures vanquished? [ynaq] (y) y Do you want to see your conduct and achievements? [ynq] (y) y Do you want to see the dungeon overview? [ynq] (y) y Major events: Turn 1: elenmirie the chaotic female orcish Rogue entered the dungeon 946: attained the rank of Cutpurse (level 3) 1852: entered the Gnomish Mines 2698: killed by a giant ant, while frozen by a floating eye's gaze Inventory: Weapons x - 6 uncursed +0 daggers o - a blessed +1 orcish dagger b - an uncursed +0 orcish dagger (weapon in hand) i - 11 uncursed +0 orcish daggers (at the ready) Armor l - an uncursed +0 pair of kicking boots (being worn) F - an uncursed +0 robe (being worn) c - an uncursed +1 leather armor (being worn) Comestibles z - an uncursed cram ration j - 4 uncursed food rations J - 2 cursed food rations N - 2 uncursed fortune cookies s - an uncursed lembas wafer Rings K - a cursed ring of polymorph Tools w - an uncursed sack containing 9 items H - an uncursed expensive camera (0:81) k - an uncursed lock pick A - an uncursed pair of lenses e - an uncursed skeleton key M - an uncursed tin whistle t - an uncursed tinning kit (0:66) Gems/Stones I - an uncursed touchstone Contents of the sack: an uncursed scroll of destroy armor an uncursed scroll of enchant weapon a blessed scroll of light an uncursed scroll of light an uncursed scroll of remove curse a blessed potion of confusion an uncursed potion of fruit juice a cursed potion of healing an uncursed potion of sickness Elenmirie the Rogue's attributes: Background: You were a Cutpurse, a level 5 female orcish Rogue. You were chaotic, nominally on a mission for Kos who was opposed by Issek (lawful) and Mog (neutral). You were in the Gnomish Mines, on level 4. You entered the dungeon 2698 turns ago. You had 221 experience points, 99 more were needed to attain level 6. Basics: You had 0 out of 33 hit points. You had all 9 energy points (spell power). Your armor class was 4. Your wallet contained 53 zorkmids. Autopickup was on for '$' plus thrown. Final Characteristics: Your strength was 16 (limit:18/50). Your dexterity was 18 (limit:18). Your constitution was 14 (limit:18). Your intelligence was 10 (limit:16). Your wisdom was 8 (limit:16). Your charisma was 11 (limit:16). Final Status: You were not hungry. You were burdened; movement was slightly slowed. You were wielding a dagger. You were skilled in dagger. Final Attributes: You were piously aligned. You were poison resistant. You were telepathic. You had infravision. You were invisible. You were stealthy. You were guarded. You are dead. Miscellaneous: You never encountered a bones level. Total elapsed playing time was 17 minutes and 45 seconds. Vanquished creatures: 2 gnome leaders 4 giant ants a floating eye 2 dwarves a monkey 3 orc zombies 2 dwarf zombies an acid blob 3 hobbits 2 hobgoblins a brown mold 3 yellow molds a green mold 8 gnomes 10 garter snakes 2 geckos a jackal 3 goblins 3 sewer rats a grid bug 5 lichens a kobold zombie 6 newts 66 creatures vanquished. No species were genocided or became extinct. Voluntary challenges: You were an atheist. You were illiterate. You never engraved Elbereth. You never genocided any monsters. You never polymorphed an object. You never changed form. You used no wishes. Achievements: You attained the rank of Cutpurse. You entered the Gnomish Mines. The Dungeons of Doom: levels 1 to 4 Level 1: A fountain. Level 2: Level 3: Stairs down to The Gnomish Mines. Level 4: A fountain. The Gnomish Mines: Level 4: <- You were here. Final resting place for you, killed by a giant ant, while frozen by a floating eye's gaze. Game over: ---------- / \ / REST \ / IN \ / PEACE \ / \ | elenmirie | | 53 Au | | killed by a | | giant ant | | | | | | 2022 | *| * * * | * _________)/\\_//(\/(/\)/\//\/|_)_______ Goodbye elenmirie the Rogue... You died in The Gnomish Mines on dungeon level 4 with 1082 points, and 53 pieces of gold, after 2698 moves. You were level 5 with a maximum of 33 hit points when you died.